 Dungeon Crawl Stone Soup version 0.31.0-1-g2c135a008e (webtiles) character file.

Game seed: 16791049570287164978

170 qw the Shooter (level 5, -9/40 HPs)
             Began as a Djinni Hunter on Jan 23, 2024.
             Shot with an arrow by a centaur (11 damage)
             ... on level 6 of the Dungeon.
             The game lasted 00:00:08 (2036 turns).

qw the Shooter (Djinni Hunter)                      Turns: 2036, Time: 00:00:09

Health: -9/40      AC:  5    Str: 10    XL:     5   Next: 80%
Gold:   68         EV: 11    Int: 11    God:
                   SH:  0    Dex: 18

rFire   + + .        a - +1 shortbow
rCold   x . .        (shield currently unavailable)
rNeg    . . .        b - +0 ring mail
rPois   inf          (no helmet)
rElec   .            (no cloak)
rCorr   .            (no gloves)
SInv    .            (boots unavailable)
Will    .....        (no amulet)
Stlth   +            (no ring)
HPRegen 0.26/turn    (no ring)
MPRegen 0.00/turn

%: infuse magic (-10 HP)
@: flying
A: sickness immunity, fire resistance 2, cold vulnerability 1, float, innate
caster, HP casting, extra vitality 1
a: no special abilities


You were on level 6 of the Dungeon.
You visited 1 branch of the dungeon, and saw 4 of its levels.

You collected 68 gold pieces.


Innate Abilities, Weirdness & Mutations

You are immune to sickness and miasma.
You are immune to poison.
Your flesh is very heat resistant. (rF++)
You are vulnerable to cold. (rC-)
You float through the air rather than walking.
You learn spells naturally, not from books.
Your magical power is your life essence.
You have superior vitality. (+4 MHP)


   Skills:
 - Level 3.0 Fighting
 - Level 4.7 Ranged Weapons
 + Level 0.2 Armour
 - Level 3.1 Dodging
 - Level 0.7 Stealth


You knew the following spells:

 Your Spells              Type           Power      Damage    Failure   Level
a - Apportation           Tloc           0%         N/A       67%         1
b - Static Discharge      Conj/Air       0%         3-3/arc   80%         2
Your spell library was empty.

Inventory:

Hand Weapons
 a - a +1 shortbow (weapon)
Armour
 b - a +0 ring mail (worn)
Scrolls
 f - 2 scrolls of teleportation
Potions
 d - a potion of curing
 e - a potion of might
 g - a potion of invisibility {unknown}
 h - a potion of ambrosia {unknown}
 i - a potion of magic {unknown}

Dungeon Overview and Level Annotations

Branches:
Dungeon (3/15)

Altars:
Makhleb

Annotations:
D:3 1 runed translucent door, qw's ghost, amateur GrHu


Message History

You shoot an arrow. The arrow hits the kobold!
You kill the kobold!
A kobold comes into view. It is wielding a +0 whip.
You shoot an arrow. The arrow closely misses the kobold.
The kobold shouts!
You shoot an arrow. The arrow hits the kobold!
You kill the kobold!
A giant cockroach comes into view.
You shoot an arrow. The arrow hits the giant cockroach.
The giant cockroach is severely wounded.
You shoot an arrow.
The arrow closely misses the giant cockroach.
You shoot an arrow. The arrow hits the giant cockroach.
You kill the giant cockroach!
f - 2 scrolls of teleportation (gained 1)
You now have 68 gold pieces (gained 11).
Found a stone staircase leading down.
Found an escape hatch in the floor.
A malevolent force fills the Dungeon...
You are sucked into a shaft and drop 3 floors!
The shaft crumbles and collapses.
A centaur comes into view.
Waypoint 3 assigned to D:6.
You shoot an arrow. The centaur shouts!
The arrow hits the centaur.
The centaur is lightly wounded.
The centaur wields a +0 orcbow.
The centaur shoots an arrow.
The arrow hits you!
You hear a shout!
You shoot an arrow. The arrow hits the centaur.
The centaur is moderately wounded.
The centaur shoots an arrow.
The arrow hits you.
The centaur shoots an arrow.
The arrow barely misses you.
You shoot an arrow. The arrow hits the centaur.
The centaur is heavily wounded.
The centaur shoots an arrow.
The arrow hits you!
The centaur shoots an arrow.
The arrow barely misses you.
You shoot an arrow. The arrow closely misses the centaur.
The centaur shoots an arrow.
The arrow hits you!
The centaur shoots an arrow.
The arrow hits you!
You die...

###### ### #....# #..
#....# #.# #....# #.#
##########....###.#
#.@...............#
........################
........# ....###.# ...
#.# .. #.. # #.c #..


You could see a centaur.

Vanquished Creatures
  A scorpion (D:3)
  A bombardier beetle (D:3)
  3 adders (D:2)
  A ribbon worm (D:3)
  A dart slug (D:2)
  7 endoplasms
  2 giant cockroaches
  3 hobgoblins
  4 jackals
  5 kobolds
  2 quokkas
  5 ball pythons
  4 bats
  2 frilled lizards
  A goblin (D:2)
  3 rats
45 creatures vanquished.

Notes
Turn   | Place    | Note
-------+----------+-------------------------------------------
     0 | D:1      | qw the Djinni Hunter began the quest for the Orb.
     0 | D:1      | Reached XP level 1. HP: 18/18 MP: 0/0
     0 | D:1      | 0 ||| qw: Version: 0.3-a-132-g3d54051
     0 | D:1      | 0 ||| qw: Game counter: 652
     0 | D:1      | 0 ||| qw: Melee chars always use a shield: true
     0 | D:1      | 0 ||| qw: God list: Okawaru
     0 | D:1      | 0 ||| qw: Allow faded altars: false
     0 | D:1      | 0 ||| qw: Do Orc after clearing Dungeon:15 true
     0 | D:1      | 0 ||| qw: Do second Lair branch before Depths: true
     0 | D:1      | 0 ||| qw: Lair rune preference: random
     0 | D:1      | 0 ||| qw: Goals: Normal
     0 | D:1      | 0 ||| PLANNING D:1-11
   126 | D:1      | Reached XP level 2. HP: 23/23 MP: 0/0
   627 | D:1      | 627 ||| READING scroll labelled DUGHUA WEPHETZ.
   628 | D:1      | 628 ||| READING scroll labelled XETICHI HOIL.
   628 | D:1      | 628 ||| IDENTIFYING fuming silvery potion
   629 | D:1      | 629 ||| DRINKING 2 silvery potions.
   630 | D:1      | 630 ||| DROPPING scroll of butterflies.
   690 | D:2      | 690 ||| FLEEEEING.
   779 | D:2      | Reached skill level 4 in Ranged Weapons
   779 | D:2      | Reached XP level 3. HP: 23/28 MP: 0/0
   779 | D:2      | Learned a level 1 spell: Apportation
   785 | D:2      | 785 ||| FLEEEEING.
   916 | D:2      | Found a faded altar of an unknown god.
   952 | D:2      | Reached XP level 4. HP: 12/34 MP: 0/0
   952 | D:2      | 952 ||| FLEEEEING.
  1077 | D:2      | 1077 ||| FLEEEEING.
  1280 | D:2      | Reached skill level 3 in Fighting
  1371 | D:2      | 1371 ||| FLEEEEING.
  1501 | D:2      | 1501 ||| DROPPING scarf of invisibility.
  1502 | D:2      | 1502 ||| READING scroll of identify.
  1502 | D:2      | 1502 ||| IDENTIFYING inky potion
  1503 | D:2      | 1503 ||| READING scroll labelled DICZATH DYGOL.
  1506 | D:2      | 1506 ||| READING scroll labelled ZASCHA HUCICK.
  1506 | D:2      | 1506 ||| ENCHANTING +0 shortbow.
  1507 | D:2      | 1507 ||| DROPPING potion of attraction.
  1529 | D:3      | Reached skill level 3 in Dodging
  1534 | D:3      | 1534 ||| STAIRDANCE
  1536 | D:2      | 1536 ||| FLEEEEING.
  1541 | D:2      | 1541 ||| STAIRDANCE
  1572 | D:3      | Found a burning altar of Makhleb.
  1663 | D:3      | Reached XP level 5. HP: 33/40 MP: 0/0
  1663 | D:3      | Learned a level 2 spell: Static Discharge
  1724 | D:3      | Noticed qw's ghost (amateur GrHu)
  1729 | D:3      | Found a runed translucent door.
  1847 | D:3      | 1847 ||| FLEEEEING.
  1855 | D:3      | 1855 ||| STAIRDANCE
  1928 | D:2      | 1928 ||| UPGRADING to +0 ring mail.
  1938 | D:2      | 1938 ||| DROPPING +0 leather armour.
  2010 | D:3      | You are sucked into a shaft and drop 3 floors!
  2032 | D:6      | Noticed a centaur
  2036 | D:6      | HP: 2/40 [centaur/arrow (13)]
  2036 | D:6      | Shot with an arrow by a centaur

Levels and vault maps discovered:
D:1:      eino_arrival_tree_alley, layout_loops_ring
D:2:      layout_loops_cross, shapermc_ecumenical_altar_gd
D:3:      layout_loops_ring, mainiacjoe_overflow_chevrons,
          hellmonk_ghost_happy_afterlife, serial_shops, shop_fountains
D:6:      layout_basic, amcnicky_altar_gilded, minmay_temple_entry_statues

Skill      XL: |  1  2  3  4 |
---------------+-------------+-----
Ranged Weapons | 4 |  4.7
Fighting       | 3 |  3.0
Dodging        | 3 |  3.1
Armour         | |  0.2
Stealth        | |  0.7

Action                     |  1- 3 |  4- 6 || total
---------------------------+-------+-------++-------
   Fire: Shortbow          |    84 |    83 ||   167
    Use: Scroll            |     2 |     3 ||     5
         Potion            |     1 |       ||     1
 Armour: Leather armour    |    34 |    20 ||    54
         Ring mail         |       |     6 ||     6
  Dodge: Dodged            |    45 |    23 ||    68

Table legend:
 A = Non-vault XP
 B = Vault XP
 C = Vault XP percentage of total XP
 D = Non-vault monster count
 E = Vault monster count
 F = Vault count percentage of total count
                 A         B        C        D         E       F
            +---------+---------+-------+---------+---------+-------
      Total |     244 |       0 |   0.0 |      45 |       0 |   0.0
            +---------+---------+-------+---------+---------+-------
        D:1 |      17 |       0 |   0.0 |      10 |       0 |   0.0
        D:2 |      70 |       0 |   0.0 |      22 |       0 |   0.0
        D:3 |     157 |       0 |   0.0 |      13 |       0 |   0.0
            +---------+---------+-------+---------+---------+-------
